 Dungeon Crawl Stone Soup version 0.27.0-1-g7a089689b8 (webtiles) character file.

Game seed: 7140454903202692981

81 Sin92 the Skirmisher (level 4, -18/35 HPs)
             Began as a Demonspawn Fighter on Aug 14, 2021.
             Demolished by an orc warrior (19 damage)
             ... on level 3 of the Dungeon.
             The game lasted 00:01:18 (1924 turns).

Sin92 the Skirmisher (Demonspawn Fighter)           Turns: 1924, Time: 00:01:20

Health: -18/35     AC:  8    Str: 17    XL:     4   Next: 20%
Magic:  4/4        EV:  7    Int:  9    God:
Gold:   52         SH:  0    Dex: 13    Spells: 3/3 levels left

rFire    . . .     SeeInvis .   a - +0 long sword
rCold    . . .     Faith    +   c - +0 kite shield
rNeg     . . .     Spirit   .   b - +0 scale mail
rPois    .         Reflect  .   (no helmet)
rElec    .         Harm     .   (no cloak)
rCorr    .         Rampage  .   (no gloves)
Will     .....                  (no boots)
Stlth    ..........             h - amulet of faith
HPRegen  0.11/turn              (no ring)
MPRegen  0.18/turn              (no ring)

@: confused, mighty
A: talons 1, yellow scales 1, magic regeneration
a: no special abilities


You were on level 3 of the Dungeon.
You visited 1 branch of the dungeon, and saw 3 of its levels.

You collected 52 gold pieces.

Inventory:

Hand Weapons
 a - a +0 long sword (weapon)
Armour
 b - a +0 scale mail (worn)
 c - a +0 kite shield (worn)
Jewellery
 h - an amulet of faith (around neck)
Scrolls
 g - 2 scrolls of identify {unknown}
 k - a scroll of enchant armour {unknown}
Potions
 e - a potion of curing {unknown}
 f - a potion of heal wounds {unknown}
 i - a potion of ambrosia {unknown}
 j - a potion of brilliance {unknown}


   Skills:
 + Level 3.4 Fighting
 * Level 2.7 Long Blades
 + Level 3.1 Armour
 + Level 1.1 Dodging
 + Level 3.0 Shields


You had 3 spell levels left.
You didn't know any spells.
Your spell library contained the following spells:

 Spells                   Type           Power      Damage    Failure   Level
 Inner Flame              Hex/Fire       0%         N/A       100%        3
 Cause Fear               Hex            0%         N/A       100%        4
 Discord                  Hex            0%         N/A       100%        8


Dungeon Overview and Level Annotations

Branches:
Dungeon (3/15)

Altars:


Innate Abilities, Weirdness & Mutations

You have sharp toenails.
You are partially covered in yellow scales. (AC +2)
You regenerate magic rapidly.


Message History

Unknown command.
There are monsters nearby!
You hit the orc warrior but do no damage.
You claw the orc warrior.
The orc warrior is severely wounded.
An orc comes into view. It is wielding a +0 dagger.
You block the orc's attack. The orc wizard casts a spell at you.
You are confused.
The orc warrior closely misses you.
The orc warrior hits you with a +0 war axe!
* * * LOW HITPOINT WARNING * * *
The orc hits you but does no damage.
The orc wizard gestures at you while chanting.
You are more confused.
There are monsters nearby!
Unknown command.
You feel very mighty all of a sudden. The orc barely misses you.
The orc wizard barely misses you.
The orc warrior hits you but does no damage.
You bump into the rock wall.
The orc warrior closely misses you.
Unknown command.
You closely miss the orc warrior.
The orc warrior is severely wounded.
The orc barely misses you. The orc hits you but does no damage.
The orc warrior completely misses you.
You miss the orc warrior. Your kick misses the orc warrior.
The orc warrior is severely wounded.
The orc wizard barely misses you. The orc hits you but does no damage.
The orc hits you with a +0 short sword.
* * * LOW HITPOINT WARNING * * *
The orc hits you with a +0 dagger.
* * * LOW HITPOINT WARNING * * *
You completely miss the orc. Your kick misses the orc.
The orc barely misses you. The orc wizard barely misses you.
The orc hits you with a +0 dagger.
* * * LOW HITPOINT WARNING * * *
The orc warrior hits you with a +0 war axe!!
Ouch! That really hurt!
You die...

#########
.......<# ?
#######.# ...
#.#####....
###.@oo......
#..ooo.......
#.......#####
..........#
...:.........
###........###
#........#
#.......?#
#.####.###


You could see an orc warrior, an orc wizard and 3 orcs.

Vanquished Creatures
  2 adders (D:2)
  2 worms (D:2)
  A dart slug (D:2)
  An orc (D:2)
  6 endoplasms
  2 giant cockroaches
  4 goblins
  5 hobgoblins
  7 jackals
  A kobold (D:2)
  2 quokkas
  3 ball pythons
  8 bats
  2 frilled lizards
  2 rats
48 creatures vanquished.

Notes
Turn   | Place    | Note
-------+----------+-------------------------------------------
     0 | D:1      | Sin92 the Demonspawn Fighter began the quest for the Orb.
     0 | D:1      | Reached XP level 1. HP: 18/18 MP: 1/1
   305 | D:1      | Gained mutation: You have sharp toenails. [demonic
                  | ancestry]
   305 | D:1      | Reached XP level 2. HP: 24/24 MP: 2/2
  1029 | D:2      | Gained mutation: You regenerate magic rapidly. [demonic
                  | ancestry]
  1029 | D:2      | Reached XP level 3. HP: 23/29 MP: 3/3
  1582 | D:2      | Reached skill level 1 in Dodging
  1593 | D:2      | Gained mutation: You are partially covered in yellow
                  | scales. (AC +2) [demonic ancestry]
  1593 | D:2      | Reached XP level 4. HP: 25/35 MP: 4/4
  1912 | D:3      | Noticed an orc warrior
  1924 | D:3      | HP: 1/35 [orc (2)]
  1924 | D:3      | Demolished by an orc warrior

Illustrated notes

Levels and vault maps discovered:
D:1:      minmay_arrival_five_plusses, layout_basic
D:2:      layout_basic
D:3:      layout_loops_ring, serial_shops, shop

Skill      XL: |  1  2  3 |
---------------+----------+-----
Long Blades    | 2 |  2.7
Armour         | 3 |  3.1
Shields        | 3 |  3.0
Dodging        | 1 |  1.1
Fighting       | |  3.4

Action                   |  1- 3 |  4- 6 || total
-------------------------+-------+-------++-------
Melee: Long sword        |   110 |    18 ||   128
       Kick              |    17 |     6 ||    23
  Use: Potion            |       |     1 ||     1
Armor: Scale mail        |    67 |     9 ||    76
Dodge: Dodged            |    42 |    15 ||    57
Block: Kite shield       |    63 |    10 ||    73
       Rpst.: Long sword |    14 |     2 ||    16
